 Dungeon Crawl Stone Soup version 0.26-a0-708-g17f3b190f9 (webtiles) character file.

Game seed: 11371243595711023081

502144 jasper the Spry (level 26, -6/174 HPs)
             Began as a Kobold Berserker on Oct 28, 2020.
             Was the Champion of Trog.
             Killed from afar by a frost giant (54 damage)
             ... with a bolt of cold
             ... on level 3 of the Depths on Oct 29, 2020.
             The game lasted 02:11:15 (67915 turns).

jasper the Spry (Kobold Berserker)                 Turns: 67915, Time: 02:11:16

Health: -6/174     AC: 35    Str: 25    XL:     26   Next: 52%
Magic:  23/23      EV: 25    Int: 18    God:    Trog [******]
Gold:   2242       SH: 16    Dex: 16    Spells: 25/25 levels left

rFire    + + .     SeeInvis +   y - +8 arc blade {discharge, rElec}
rCold    . . .     Faith    .   e - +0 kite shield
rNeg     + + +     Spirit   .   t - +2 chain mail {rF+}
rPois    +         Reflect  .   S - +5 helmet of Omission {Rampage rN+++ Int+4 Stlth-}
rElec    +         Harm     .   Q - +0 cloak {rCorr}
rCorr    +         Rampage  +   X - +2 pair of gloves
MR       +++++                  O - +4 pair of boots of Ceunkuor {Str+3}
Stlth    ..........             w - amulet of the Tired Wars {rF+ Regen+ Int+3 SInv}
HPRegen  1.79/turn              P - ring of protection from magic
MPRegen  0.18/turn              T - ring of Puecs {rElec rPois rN+ MR+ Stlth-}

@: regenerating
A: small, nightstalker 3
}: 2/15 runes: barnacled, gossamer
a: Berserk, Trog's Hand, Brothers in Arms, Renounce Religion


You were on level 3 of the Depths.
You worshipped Trog.
Trog was exalted by your worship.
You visited 8 branches of the dungeon, and saw 41 of its levels.
You visited 1 bazaar.
You also visited: Gauntlet.

You collected 5412 gold pieces.
You spent 3170 gold pieces at shops.

Inventory:

Hand Weapons
 p - a +2 quick blade of flaming
 y - the +8 arc blade (weapon) {discharge, rElec}
   (Trog gifted it to you on level 1 of the Vaults)

   It insulates you from electricity.
 M - the +9 rapier of Death's Door {vorpal, +Blink rElec rPois rC+}
   (Trog gifted it to you on level 3 of the Vaults)

   It inflicts extra damage upon your enemies.
   It protects you from cold.
   It insulates you from electricity.
   It protects you from poison.
   It lets you blink.
Missiles
 r - 13 throwing nets
 s - 89 boomerangs (quivered)
Armour
 e - a +0 kite shield (worn)
 t - a +2 chain mail of fire resistance (worn)
 O - the +4 pair of boots of Ceunkuor (worn) {Str+3}
   (You found it in a Gauntlet)

   It affects your strength (+3).
 Q - a +0 cloak of preservation (worn)
 S - the +5 helmet of Omission (worn) {Rampage rN+++ Int+4 Stlth-}
   (You found it in a Gauntlet)

   It affects your intelligence (+4).
   It renders you almost immune to negative energy.
   It bestows one free step when moving towards enemies.
   It makes you less stealthy.
 X - a +2 pair of gloves (worn)
Jewellery
 a - an uncursed ring of protection from cold
 w - the amulet of the Tired Wars (around neck) {rF+ Regen+ Int+3 SInv}
   (You bought it in a shop on level 3 of the Elven Halls)

   [amulet of regeneration]

   It affects your intelligence (+3).
   It protects you from fire.
   It lets you see invisible.
   It increases your rate of regeneration.
 P - a ring of protection from magic (left hand)
 T - the ring of Puecs (right hand) {rElec rPois rN+ MR+ Stlth-}
   (You took it off a minotaur in a Gauntlet)

   [ring of attention]

   It insulates you from electricity.
   It protects you from poison.
   It protects you from negative energy.
   It affects your resistance to hostile enchantments.
   It makes you less stealthy.
Wands
 h - a wand of flame (110)
 K - a wand of acid (23)
 R - a wand of paralysis (5)
 U - a wand of enslavement (33)
 Z - a wand of digging (6)
Scrolls
 b - a scroll of holy word
 c - 10 scrolls of fog
 d - 2 scrolls of summoning
 g - 5 scrolls of fear
 j - 8 scrolls of blinking
 m - 21 scrolls of remove curse
 n - 25 scrolls of teleportation
 v - 16 scrolls of immolation
 C - a scroll of silence
 G - 3 scrolls of enchant armour
 L - 2 scrolls of torment
 V - 3 scrolls of enchant weapon
 W - 7 scrolls of magic mapping
 Y - 3 scrolls of identify
Potions
 f - 9 potions of lignification
 i - a potion of invisibility
 k - a potion of heal wounds
 o - 2 potions of magic
 q - 8 potions of cancellation
 u - 19 potions of curing
 x - 3 potions of resistance
 A - 3 potions of ambrosia
 B - 6 potions of flight
 D - 6 potions of might
 E - 4 potions of haste
 H - 2 potions of mutation
 J - 4 potions of stabbing
Miscellaneous
 l - a lightning rod (3/4)
 z - a phantom mirror
 F - a box of beasts (3/3)
 I - a condenser vane (2/2)
 N - a phial of floods


   Skills:
 - Level 20.0 Fighting
 - Level 14.0 Short Blades
 - Level 20.0 Armour
 - Level 20.0 Dodging
 + Level 17.8 Shields
 - Level 13.2 Evocations


You had 25 spell levels left.
You didn't know any spells.
Your spell library was empty.

Dungeon Overview and Level Annotations

Branches:
Dungeon (15/15)            Temple (0/1) D:4            Lair (6/6) D:11
 Shoals (4/4) Lair:2       Spider (4/4) Lair:3        Slime (0/5) Lair:6
    Orc (2/2) D:10            Elf (3/3) Orc:2        Vaults (4/5) D:13
  Crypt (0/3) Vaults:2     Depths (3/5) D:15        Gauntlet (visited)

Altars:
Cheibriados
Gozag
Hepliaklqana
Nemelex Xobeh
Okawaru
Ru
Sif Muna
Uskayaw
Vehumet
Xom
Yredelemnul
Zin
Lugonu

Shops:
D:7 [   D:12 (   Orc:1 [}=*   Orc:2 [*:[   Elf:2 :   Elf:3 =   Vaults:2 *
Depths:2 =

Portals:
Hell: Depths:1 Depths:2 Depths:3
Abyss: Depths:1 Depths:3
Pandemonium: Depths:1 Depths:3
Ziggurat: Depths:3

Annotations:
D:5 2 runed translucent doors
Lair:1 exclusion: oklob plant
Lair:3 3 runed translucent doors
Lair:5 exclusion: 2 oklob plants
Shoals:2 1 runed translucent door, Xurdan's ghost, adept HOFi
Vaults:1 1 runed translucent door, AgonHex's ghost, veteran HOFi


Innate Abilities, Weirdness & Mutations

You are small and have problems with some larger weapons.
You are completely attuned to the shadows.


Message History

The deep elf high priest is almost dead.
The lightning grounds out.
The ice dragon is almost dead.
The ice dragon closely misses you.
The ice dragon claws you but does no damage.
You block the ice dragon's attack.
You take 3 damage, and have 52/174 hp.
You completely miss the ice dragon.
The ice dragon is almost dead.
The blink frog changes into a wolf!
You impale the ice dragon!!
You kill the ice dragon!
Trog accepts your kill.
The wolf changes into a jelly!
The deep elf high priest invokes the aid of its god against you.
Something smites you!
* * * LOW HITPOINT WARNING * * *
The frost giant points at you and mumbles some strange words.
The bolt of cold hits you!!!
You die...

#....... #..#....
..#...).. ..#......
#. ..## #.....#. #..
J... .#.......
#.##.... #....##..
##.Ce.... #..##..##
#.##@.... .##......
#)?##..##..#........
#.)x.##....#.......#
##........#........#
#..#.....#......##.
##(.....#.......##.
##......#.....##...
#.....#..#....##...
#........#..##....#


You could see a frost giant, a deep elf high priest and a jelly shaped shifter.

Vanquished Creatures
  Mara (Depths:1)
  A juggernaut (Depths:2)
  Sojobo (Depths:1)
  Bai Suzhen (Shoals:2)
  A caustic shrike (Depths:3)
  Nikola (Shoals:4)
  2 liches (Depths:3)
  A quicksilver dragon (Depths:2)
  A deep elf master archer (Elf:3)
  Asterion (Vaults:3)
  3 deep elf blademasters
  2 sphinxes
  Polyphemus (Shoals:3)
  Frances (D:14)
  A shadow dragon (Depths:3)
  4 tengu reavers
  Kirke (Lair:5)
  2 fire giants (Depths:3)
  Louise (Spider:3)
  Aizul (Elf:3)
  6 ghost moths
  3 deep elf sorcerers
  8 vault wardens
  7 frost giants
  5 emperor scorpions
  2 iron dragons
  2 spriggan defenders (Depths:3)
  3 deep elf elementalists
  A war gargoyle (Vaults:1)
  9 ironheart preservers
  A caustic shrike skeleton (Depths:3)
  14 stone giants
  13 very ugly things
  6 entropy weavers
  4 vampire knights
  Nessos (Lair:6)
  3 spark wasps
  8 deep elf annihilators
  4 deep elf demonologists
  A minotaur (Gauntlet)
  9 ettins
  A death ooze (Gauntlet)
  7 merfolk impalers
  5 deep elf death magi
  5 merfolk javelineers
  23 ogre magi
  A jiangshi (Depths:3)
  12 fire dragons
  2 deep elf high priests (Elf:3)
  6 ice dragons
  Fannar (Orc:1)
  2 vault guards (Vaults:1)
  13 hydras
  6 great orbs of eyes
  6 rakshasas
  11 yaktaur captains
  8 boulder beetles
  2 spriggan air magi (Depths:3)
  5 merfolk aquamancers
  An alligator snapping turtle (Shoals:3)
  3 satyrs (Shoals:3)
  A catoblepas (Shoals:3)
  5 centaur warriors
  57 two-headed ogres
  5 merfolk avatars
  A deep troll shaman (Depths:2)
  33 dancing weapons
  A death knight (Vaults:4)
  A vampire mage (Depths:3)
  10 death yaks
  5 deep troll earth magi
  Urug (Orc:2)
  A tengu warrior (D:15)
  A hell hog (Depths:2)
  2 spriggan berserkers (Depths:2)
  A titan zombie (Depths:1)
  Sonja (Orc:1)
  24 deep elf knights
  A fire crab (shapeshifter) (Vaults:3)
  10 skeletal warriors
  3 sixfirhies (Gauntlet)
  An unseen horror (D:12)
  12 sea snakes
  5 glowing orange brains
  15 ironbrand convokers
  13 deep trolls
  7 flayed ghosts
  9 wizards
  3 phantasmal warriors
  14 deep elf archers
  12 orb spiders
  4 lindwurms
  A mana viper (shapeshifter) (D:13)
  16 harpies
  46 ugly things
  A frost giant zombie (Depths:1)
  13 orc knights
  A wolf spider zombie (D:15)
  65 deep elf magi
  An orc sorcerer (Orc:2)
  A wolf spider (shapeshifter) (Depths:3)
  17 fauns
  19 wolf spiders
  13 manticores
  10 cyclopes
  5 necromancers
  16 elephants
  5 centaur zombies
  A moth of wrath (Spider:4)
  A moth of wrath (shapeshifter) (D:13)
  10 merfolk sirens
  Psyche (D:8)
  An eye of devastation (shapeshifter) (Depths:2)
  13 vault sentinels
  A water nymph (Shoals:1)
  9 black mambas
  A guardian serpent (shapeshifter) (Depths:1)
  A naga mage (D:15)
  A molten gargoyle (Lair:6)
  12 cane toads
  A gargoyle (D:15)
  3 kobold demonologists (D:13)
  47 yaktaurs
  A rime drake (shapeshifter) (D:13)
  5 rime drakes
  12 demonic crawlers
  13 komodo dragons
  Maggie (D:7)
  4 freezing wraiths
  A komodo dragon (shapeshifter) (Vaults:2)
  25 merfolk
  4 tengu conjurers (D:15)
  6 trolls
  A merfolk (shapeshifter) (D:15)
  13 hornets
  3 jumping spiders (shapeshifter)
  22 jumping spiders
  7 wind drakes
  A polar bear (Lair:5)
  Grinder (D:4)
  A polar bear (shapeshifter) (Vaults:1)
  Prince Ribbit (D:6)
  A hornet (shapeshifter) (Vaults:2)
  14 blink frogs
  33 slime creatures
  A human simulacrum (Vaults:2)
  A snapping turtle (shapeshifter) (Vaults:3)
  10 snapping turtles
  10 dream sheep
  A redback (shapeshifter) (Elf:2)
  A spriggan (shapeshifter) (Vaults:4)
  3 air elementals
  A vampire (D:14)
  11 water elementals
  A shadow (D:15)
  Eustachio (D:4)
  60 redbacks
  A spriggan zombie (Depths:1)
  A fire dragon skeleton (Depths:1)
  7 wraiths
  5 wyverns
  8 yaks
  2 fire elementals
  24 tarantellas
  4 basilisks
  A yak (shapeshifter) (Vaults:2)
  Menkaure (D:4)
  4 vampire mosquitoes (D:12)
  6 wargs
  A soldier ant (shapeshifter) (Vaults:3)
  An acid dragon (Vaults:1)
  7 hell hounds
  23 water moccasins
  Duvessa (D:7)
  2 ice beasts
  3 sky beasts
  3 phantoms
  3 necrophages
  An ettin simulacrum (Vaults:2)
  6 black bears
  38 orc warriors
  2 eyes of draining (shapeshifter)
  59 ogres
  8 wolves
  10 boggarts
  A tengu (shapeshifter) (Depths:2)
  14 centaurs
  Blork the orc (D:5)
  2 elf zombies (D:13)
  3 earth elementals
  21 bullfrogs
  2 wyvern skeletons
  2 scorpions
  Dowan (D:6)
  9 killer bees
  9 wights
  An electric eel (D:13)
  4 lava snakes (Lair:6)
  2 bullfrog zombies
  3 human zombies (D:13)
  3 bullfrog skeletons
  15 orc priests
  4 centaur skeletons
  4 hounds
  A human skeleton (D:13)
  9 jellies
  26 orc wizards
  5 iguanas
  11 worker ants
  A hound zombie (D:8)
  A mummy (D:13)
  3 worker ant zombies
  5 gnolls
  16 adders
  A shadow imp (D:6)
  3 white imps
  An ufetubus (D:6)
  2 worms (D:2)
  5 dart slugs
  5 leopard geckos
  105 orcs
  6 bats
  5 giant cockroaches
  5 goblins
  9 hobgoblins
  17 jackals
  4 quokkas
  A ball python (D:4)
  11 kobolds
  A leopard gecko zombie (D:6)
  A quokka zombie (D:10)
  6 rats
  2 crawling corpses (Depths:3)
1722 creatures vanquished.

Vanquished Creatures (collateral kills)
  Jorgrun (Orc:2)
  Rupert (Lair:4)
  A frost giant (Shoals:4)
  A deep elf sorcerer (Elf:3)
  2 deep elf elementalists (Elf:3)
  5 deep elf annihilators (Elf:3)
  A boulder beetle (D:11)
  2 hydras
  A death yak (Lair:3)
  3 deep elf magi (Elf:3)
  A molten gargoyle (Lair:6)
  A tarantella (Spider:3)
  3 basilisks (Lair:6)
  A steam dragon (Lair:6)
  3 hell hounds (Lair:6)
  An orc warrior (Orc:2)
  A lava snake (Lair:6)
  An orc wizard (Orc:2)
  2 orcs (Orc:2)
32 creatures vanquished.

Vanquished Creatures (others)
  A deep elf annihilator (Elf:3)
  A merfolk impaler (Shoals:4)
  2 deep elf knights
  A sea snake (Shoals:1)
  A deep elf mage (Elf:3)
  A scorpion (D:11)
  A wight (D:11)
  A jelly (D:11)
  An orc wizard (D:13)
  48 fungi
  116 plants
  4 withered plants
178 creatures vanquished.

Grand Total: 1932 creatures vanquished

Notes
Turn   | Place    | Note
-------+----------+-------------------------------------------
     0 | D:1      | jasper the Kobold Berserker began the quest for the Orb.
     0 | D:1      | Reached XP level 1. HP: 14/14 MP: 1/1
   101 | D:1      | Reached XP level 2. HP: 19/19 MP: 2/2
   207 | D:1      | Reached skill level 5 in Short Blades
   598 | D:1      | Reached XP level 3. HP: 23/23 MP: 3/3
  1157 | D:2      | Found a faded altar of an unknown god.
  1209 | D:2      | Reached XP level 4. HP: 28/28 MP: 4/4
  1743 | D:2      | Reached ** piety under Trog
  1770 | D:2      | Reached XP level 5. HP: 32/32 MP: 5/5
  1963 | D:3      | You fall into a shaft and drop 1 floor!
  1964 | D:4      | Noticed Menkaure
  1976 | D:4      | Killed Menkaure
  1976 | D:4      | Reached XP level 6. HP: 37/37 MP: 6/6
  2297 | D:4      | Got a twisted dagger
  2298 | D:4      | Identified the +7 dagger "Zusterre" {vorpal, rF+ MR- Str+2
                  | Int+9} (You found it on level 4 of the Dungeon)
  2346 | D:4      | Reached XP level 7. HP: 41/41 MP: 7/7
  2476 | D:4      | Found a staircase to the Ecumenical Temple.
  2532 | D:4      | Reached skill level 10 in Short Blades
  2965 | D:4      | Noticed Grinder
  2978 | D:4      | Killed Grinder
  3056 | D:4      | Reached XP level 8. HP: 41/48 MP: 8/8
  3434 | D:3      | Found an iron altar of Okawaru.
  3922 | D:4      | Noticed Eustachio
  3937 | D:4      | Killed Eustachio
  4017 | D:5      | Entered Level 5 of the Dungeon
  4205 | D:5      | Reached skill level 5 in Fighting
  4213 | D:5      | Found a hide-covered altar of Uskayaw.
  4241 | D:5      | Reached *** piety under Trog
  4383 | D:5      | Reached skill level 5 in Dodging
  4578 | D:5      | Found a runed translucent door.
  4596 | D:5      | Found a runed translucent door.
  4611 | D:5      | Noticed Blork the orc
  4617 | D:5      | Killed Blork the orc
  4683 | D:5      | Found a glowing silver altar of Zin.
  4687 | D:5      | Found a snail-covered altar of Cheibriados.
  4936 | D:6      | Reached XP level 9. HP: 51/55 MP: 9/9
  5527 | D:6      | Noticed Dowan
  5538 | D:6      | Killed Dowan
  5549 | D:6      | Found an opulent altar of Gozag.
  5681 | D:6      | Noticed Prince Ribbit
  5684 | D:6      | Noticed Duvessa
  5696 | D:7      | Killed Duvessa
  5754 | D:6      | Killed Prince Ribbit
  5934 | D:6      | Reached skill level 5 in Armour
  6352 | D:6      | Found a shimmering blue altar of Sif Muna.
  6352 | D:6      | Found a sacrificial altar of Ru.
  6672 | D:7      | Found Nuaroto's Antique Armour Shop.
  6675 | D:7      | Bought a runed cloak for 135 gold pieces
  6675 | D:7      | Bought a pair of gloves for 81 gold pieces
  6787 | D:7      | Reached XP level 10. HP: 63/63 MP: 10/10
  6895 | D:7      | Found a shimmering altar of Xom.
  7728 | D:7      | Noticed Maggie
  7737 | D:7      | Killed Maggie
  8278 | D:7      | Reached XP level 11. HP: 69/69 MP: 11/11
  8619 | D:8      | Found a sparkling altar of Nemelex Xobeh.
  8773 | D:8      | Reached **** piety under Trog
  9265 | D:8      | Found a hazy altar of Hepliaklqana.
  9304 | D:8      | Noticed Psyche
  9315 | D:8      | Killed Psyche
  9637 | D:9      | Found a radiant altar of Vehumet.
 10246 | D:9      | Found a radiant altar of Vehumet.
 10363 | D:10     | Entered Level 10 of the Dungeon
 11274 | D:10     | Found a staircase to the Orcish Mines.
 11819 | D:11     | Noticed a death yak
 11819 | D:11     | Noticed an elephant
 11843 | D:10     | Killed a death yak
 11843 | D:10     | Reached skill level 10 in Dodging
 11843 | D:10     | Reached XP level 12. HP: 76/76 MP: 12/12
 11907 | D:11     | Found a staircase to the Lair.
 12078 | D:11     | Found a shimmering altar of Xom.
 12391 | D:11     | Noticed a boulder beetle
 12397 | D:11     | Reached skill level 10 in Fighting
 12420 | D:11     | Killed a boulder beetle
 13140 | D:12     | Killed an unseen horror
 13247 | Lair:1   | Entered Level 1 of the Lair of Beasts
 13660 | Lair:1   | Reached skill level 1 in Shields
 13737 | Lair:1   | Noticed an eight-headed hydra
 13744 | Lair:1   | Killed an eight-headed hydra
 14086 | Lair:1   | Noticed a six-headed hydra
 14095 | Lair:1   | Killed a six-headed hydra
 14200 | Lair:1   | Reached skill level 5 in Shields
 15033 | Lair:2   | Reached XP level 13. HP: 82/82 MP: 13/13
 15089 | Lair:2   | Found a gate leading to a gauntlet.
 15097 | Gauntlet | Entered a Gauntlet
 15097 | Gauntlet | Found a transporter.
 15097 | Gauntlet | Found a transporter.
 15108 | Gauntlet | Found a transporter.
 15119 | Gauntlet | Noticed a death ooze
 15126 | Gauntlet | Found a transporter.
 15126 | Gauntlet | Found a transporter.
 15141 | Gauntlet | Found a large runed translucent door.
 15141 | Gauntlet | Found a large runed translucent door.
 15142 | Gauntlet | Found a runed translucent gate.
 15143 | Gauntlet | Found a runed translucent gate.
 15144 | Gauntlet | Found a runed translucent gate.
 15153 | Gauntlet | Found a large runed translucent door.
 15153 | Gauntlet | Found a large runed translucent door.
 15154 | Gauntlet | Found a transporter.
 15154 | Gauntlet | Found a large runed translucent door.
 15155 | Gauntlet | Found a large runed translucent door.
 15156 | Gauntlet | Found a large runed translucent door.
 15156 | Gauntlet | Found a large runed translucent door.
 15157 | Gauntlet | Found a large runed translucent door.
 15158 | Gauntlet | Found a large runed translucent door.
 15174 | Gauntlet | Found a transporter.
 15204 | Gauntlet | Found a transporter.
 15230 | Gauntlet | Found a transporter.
 15277 | Gauntlet | Found a transporter.
 15299 | Gauntlet | Found a transporter.
 15306 | Gauntlet | Found a transporter.
 15393 | Gauntlet | Found a transporter.
 15401 | Gauntlet | Found a transporter.
 15423 | Gauntlet | Found a transporter.
 15430 | Gauntlet | Found a transporter.
 15435 | Gauntlet | Found a large runed translucent door.
 15436 | Gauntlet | Found a large runed translucent door.
 15440 | Gauntlet | Found a large runed translucent door.
 15440 | Gauntlet | Found a large runed translucent door.
 15441 | Gauntlet | Found a large runed translucent door.
 15442 | Gauntlet | Found a large runed translucent door.
 15444 | Gauntlet | Found a runed translucent door.
 15723 | Gauntlet | Killed a death ooze
 15772 | Gauntlet | Got a pair of faintly humming boots
 15778 | Gauntlet | Identified the +4 pair of boots of Ceunkuor {Str+3} (You
                  | found it in a Gauntlet)
 15789 | Gauntlet | Found a runed translucent door.
 15834 | Gauntlet | Got a brightly glowing helmet
 15840 | Gauntlet | Identified the +5 helmet of Omission {Rampage rN+++ Int+4
                  | Stlth-} (You found it in a Gauntlet)
 15928 | Gauntlet | Identified the ring of Puecs {rElec rPois rN+ MR+ Stlth-}
 15928 | Gauntlet | Noticed a minotaur
 15950 | Gauntlet | Killed a minotaur
 16425 | Lair:2   | Found a staircase to the Shoals.
 16717 | Lair:2   | Noticed a four-headed hydra
 16726 | Lair:2   | Killed a four-headed hydra
 17361 | Lair:3   | You fall into a shaft and drop 1 floor!
 17564 | Lair:3   | Found a hole to the Spider Nest.
 17798 | Lair:3   | Found a runed translucent gate.
 17798 | Lair:3   | Found a runed translucent gate.
 17798 | Lair:3   | Found a runed translucent gate.
 18271 | Lair:4   | Noticed a five-headed hydra
 18280 | Lair:4   | Noticed a four-headed hydra
 18296 | Lair:3   | Killed a five-headed hydra
 18332 | Lair:4   | Noticed an eight-headed hydra
 18340 | Lair:3   | Killed a four-headed hydra
 18415 | Lair:3   | Killed an eight-headed hydra
 18415 | Lair:3   | Reached skill level 10 in Shields
 18547 | Lair:4   | Noticed a six-headed hydra
 18547 | Lair:4   | Noticed Rupert
 18558 | Lair:3   | Killed a six-headed hydra
 18609 | Lair:4   | Noticed a six-headed hydra
 18611 | Lair:4   | Killed Rupert
 18611 | Lair:4   | Reached XP level 14. HP: 84/88 MP: 14/14
 20648 | Lair:5   | Noticed Kirke
 20651 | Lair:5   | Noticed a sphinx
 20662 | Lair:5   | Killed Kirke
 20992 | Lair:6   | Entered Level 6 of the Lair of Beasts
 21350 | Lair:6   | Reached ***** piety under Trog
 21765 | Lair:6   | Noticed Nessos
 21790 | Lair:6   | Killed Nessos
 21790 | Lair:6   | Reached XP level 15. HP: 96/96 MP: 15/15
 22049 | Lair:6   | Found a large runed translucent door.
 22050 | Lair:6   | Found a large runed translucent door.
 22241 | Lair:6   | Found a staircase to the Slime Pits.
 22475 | Lair:6   | Reached skill level 10 in Armour
 23465 | Orc:1    | Entered Level 1 of the Orcish Mines
 23728 | Orc:1    | Received a gift from Trog
 23846 | Orc:2    | Entered Level 2 of the Orcish Mines
 24033 | Orc:2    | Found a staircase to the Elven Halls.
 24183 | Orc:1    | Found Tocvuixe's Gadget Shoppe.
 24225 | Orc:1    | Noticed Fannar
 24256 | Orc:1    | Killed Fannar
 24472 | Orc:1    | Noticed Sonja
 24475 | Orc:1    | Killed Sonja
 24519 | Orc:1    | Found Xufol's Armour Shop.
 25383 | Orc:2    | Reached XP level 16. HP: 105/105 MP: 16/16
 25700 | Orc:1    | Found Heufyesh's General Store.
 25724 | Orc:1    | Found Agey's Jewellery Shoppe.
 25846 | Orc:2    | Received a gift from Trog
 25914 | Orc:2    | Found Gaenex's Book Shoppe.
 25914 | Orc:2    | Found Cexkotab's Antique Armour Shop.
 25915 | Orc:2    | Found Rughiek's Antique Armour Boutique.
 25915 | Orc:2    | Found Feriomal's General Store.
 25920 | Orc:2    | Bought a pair of polished boots for 256 gold pieces
 25930 | Orc:2    | Identified the +4 pair of boots of the Loofah {-Tele rC+
                  | Regen+ Str+4} (You bought it in a shop on level 2 of the
                  | Orcish Mines)
 25942 | Orc:2    | Bought a potion of curing for 42 gold pieces
 25978 | Orc:2    | Noticed Urug
 26015 | Orc:2    | Killed Urug
 26020 | Orc:2    | Noticed Jorgrun
 26035 | Orc:2    | Killed Jorgrun
 26783 | Orc:1    | Bought the amulet of Music {Spirit rElec} for 440 gold
                  | pieces
 26805 | Orc:1    | Bought a potion of might for 64 gold pieces
 26805 | Orc:1    | Bought a scroll of teleportation for 48 gold pieces
 26805 | Orc:1    | Bought a potion of haste for 160 gold pieces
 26805 | Orc:1    | Bought 2 potions of resistance for 320 gold pieces
 26805 | Orc:1    | Bought a potion of heal wounds for 80 gold pieces
 26851 | Orc:1    | Bought a wand of acid (5) for 270 gold pieces
 27489 | D:12     | Reached skill level 15 in Dodging
 27568 | D:12     | Found Ofofae Itet's Weapon Shoppe.
 28470 | D:13     | Found a gate to the Vaults.
 29209 | D:13     | Received a gift from Trog
 29211 | D:13     | Found a basalt altar of Yredelemnul.
 30103 | D:14     | Noticed Frances
 30120 | D:14     | Killed Frances
 30396 | D:14     | Reached XP level 17. HP: 112/112 MP: 17/17
 30759 | D:15     | Entered Level 15 of the Dungeon
 31387 | D:15     | Found a staircase to the Depths.
 31802 | D:15     | Reached skill level 15 in Fighting
 31956 | D:15     | Reached XP level 18. HP: 119/119 MP: 16/18
 32688 | Spider:1 | Entered Level 1 of the Spider Nest
 35408 | Spider:2 | Reached XP level 19. HP: 125/125 MP: 19/19
 36672 | Spider:3 | Noticed Louise
 36709 | Spider:3 | Killed Louise
 37337 | Spider:3 | Received a gift from Trog
 37867 | Spider:4 | Entered Level 4 of the Spider Nest
 39472 | Spider:4 | Reached XP level 20. HP: 131/131 MP: 0/20
 40044 | Spider:4 | Got a gossamer rune of Zot
 40204 | Shoals:1 | Entered Level 1 of the Shoals
 41575 | Shoals:1 | Found a gateway to a bazaar.
 41583 | Bazaar   | Entered a bazaar
 41585 | Bazaar   | Found Dyschaep's Book Boutique.
 41590 | Bazaar   | Found Dupe's Armour Boutique.
 41592 | Bazaar   | Found Feacudd's Jewellery Boutique.
 41597 | Bazaar   | Found Kury's Antique Weapon Boutique.
 42776 | Shoals:2 | Received a gift from Trog
 43441 | Shoals:2 | Found a runed translucent door.
 43441 | Shoals:2 | Noticed Xurdan's ghost (adept HOFi)
 43473 | Shoals:2 | Found the +8 longbow "Zephyr" {speed, Dex+3 SInv}
 43555 | Shoals:3 | Noticed Bai Suzhen
 43583 | Shoals:2 | Killed Bai Suzhen
 44787 | Shoals:3 | Noticed Polyphemus
 44822 | Shoals:3 | Killed Polyphemus
 44910 | Shoals:3 | Received a gift from Trog
 45562 | Shoals:4 | Entered Level 4 of the Shoals
 46115 | Shoals:4 | Reached XP level 21. HP: 137/142 MP: 19/21
 47060 | Shoals:4 | Identified a scroll of acquirement
 47064 | Shoals:4 | Acquired a manual of Armour
 48045 | Shoals:4 | Got a barnacled rune of Zot
 48411 | Shoals:4 | Noticed Nikola
 48432 | Shoals:4 | Killed Nikola
 48776 | Elf:1    | Entered Level 1 of the Elven Halls
 49165 | Elf:1    | Reached ****** piety under Trog
 49298 | Elf:1    | Received a gift from Trog
 51691 | Elf:2    | Found Ruulaquw's Book Shoppe.
 51724 | Elf:2    | Received a gift from Trog
 51763 | Elf:2    | Reached XP level 22. HP: 151/152 MP: 22/22
 51829 | Elf:2    | Found a runed translucent gate.
 51835 | Elf:2    | Found a runed translucent gate.
 51836 | Elf:2    | Found a runed translucent gate.
 53100 | Elf:2    | Reached skill level 15 in Armour
 53477 | Elf:3    | Entered Level 3 of the Elven Halls
 53527 | Elf:3    | Found Xelotrik's Jewellery Shoppe.
 53530 | Elf:3    | Bought the amulet of the Tired Wars {rF+ Regen+ Int+3 SInv}
                  | for 1035 gold pieces
 54698 | Elf:3    | Received a gift from Trog
 54717 | Elf:3    | Noticed Aizul
 54738 | Elf:3    | HP: 2/152 [deep elf blademaster/+0 rapier (18)]
 54757 | Elf:3    | Killed Aizul
 55151 | Elf:3    | Identified the +3 demon trident of Conformity {vorpal,
                  | rElec}
 55425 | Elf:3    | Identified the ring "Xeewaikh" {rPois MP+9 SInv}
 55543 | Elf:3    | Identified the ring of Iroodgh {rPois Str+4 Dex-4 Stlth-}
 55722 | Elf:3    | Identified the Tome of Supportive Snow
 55804 | Elf:3    | Identified Noniowi's Reference Book on the Mountains and
                  | Confrontation
 55806 | Elf:3    | Identified the +0 pair of gloves of the Zebra {MP+9 Dex+4}
                  | (You found it on level 3 of the Elven Halls)
 56050 | Vaults:1 | Entered Level 1 of the Vaults
 56180 | Vaults:1 | Received a gift from Trog
 56181 | Vaults:1 | Found the +8 arc blade {discharge, rElec}
 56456 | Vaults:1 | Reached XP level 23. HP: 156/156 MP: 23/23
 57259 | Vaults:1 | Found a runed translucent door.
 57261 | Vaults:1 | Noticed AgonHex's ghost (veteran HOFi)
 57889 | Vaults:2 | Found Wungeinn's General Store.
 57894 | Vaults:2 | Bought a scroll of blinking for 97 gold pieces
 57894 | Vaults:2 | Bought a scroll of blinking for 97 gold pieces
 57894 | Vaults:2 | Bought a scroll of immolation for 45 gold pieces
 58109 | Vaults:2 | Received a gift from Trog
 58480 | Vaults:2 | Found a staircase to the Crypt.
 58827 | Vaults:2 | HP: 7/156 [vault warden/+3 bardiche of flaming (2)]
 59856 | Vaults:3 | Received a gift from Trog
 59859 | Vaults:3 | Identified the +9 rapier of Death's Door {vorpal, +Blink
                  | rElec rPois rC+} (Trog gifted it to you on level 3 of the
                  | Vaults)
 60094 | Vaults:3 | Noticed Asterion
 60118 | Vaults:3 | Killed Asterion
 60119 | Vaults:3 | Reached XP level 24. HP: 122/163 MP: 23/23
 61041 | Vaults:3 | Received a gift from Trog
 61898 | Vaults:4 | Received a gift from Trog
 62762 | Vaults:4 | Received a gift from Trog
 63046 | Vaults:4 | Reached XP level 25. HP: 167/168 MP: 23/23
 63390 | Depths:1 | Entered Level 1 of the Depths
 63472 | Depths:1 | Noticed Mara
 63491 | Depths:1 | Killed Mara
 63807 | Depths:1 | Found a one-way gate leading to the halls of Pandemonium.
 63875 | Depths:1 | Found a gateway to Hell.
 63884 | Depths:1 | Found a corrupted altar of Lugonu.
 63884 | Depths:1 | Found a one-way gate to the infinite horrors of the Abyss.
 64452 | Depths:1 | Received a gift from Trog
 64548 | Depths:1 | Noticed Sojobo
 64568 | Depths:1 | Killed Sojobo
 64583 | Depths:1 | Reached skill level 15 in Shields
 66084 | Depths:2 | Noticed a juggernaut
 66106 | Depths:2 | Killed a juggernaut
 66411 | Depths:2 | Found Uxzugegg's Jewellery Boutique.
 66568 | Depths:2 | Reached XP level 26. HP: 171/174 MP: 23/23
 66694 | Depths:2 | Received a gift from Trog
 67471 | Depths:3 | Found a gateway to a ziggurat.
 67896 | Depths:3 | Received a gift from Trog
 67915 | Depths:3 | Killed from afar by a frost giant

Illustrated notes

Levels and vault maps discovered:
D:1:      dpeg_arrival_erosion, layout_loops_ring
D:2:      layout_basic, chequers_ecumenical_altar_simple_redux,
          minmay_box_of_dots
D:3:      layout_rooms, okawaru_altar_gauntlet_db
D:4:      layout_loops_ring, temple_hall, serial_glass, glass_columns_a,
          glass_columns_a, due_unseen_surprise, minmay_strange_pillars,
          uniq_eustachio, uniq_grinder, uniq_menkaure
D:5:      lemuel_insect_pit, layout_cave_pools, grunt_temple_overflow_open,
          overflow_temple_1_default, dk_noncrumbling_3, uniq_blork_the_orc
D:6:      layout_basic, kennysheep_mini, gammafunk_temple_overflow_pools,
          lemuel_flame_loot_1, uniq_duvessa, uniq_prince_ribbit1
D:7:      kb_forest_paths, layout_basic, serial_shops, nicolae_shop_stone,
          lemuel_centaur_altar, uniq_maggie
D:8:      layout_loops_ring, lemuel_doored_altar,
          nicolae_overflow_hidden_temple, uniq_psyche
D:9:      layout_long_grid, lemuel_coloured_pillars_altar, basic_altar,
          hex_large
D:10:     layout_cave_pods, hiddenorc1_lemuel, chequers_arboretum,
          serial_bayou_pond_a, palyth_stone_intersect
D:11:     layout_layer_cave, david_lair_generic, grunt_ogre_cave,
          xom_confusion_cloud
D:12:     layout_gridville, serial_shops, nicolae_shop_waterfront
D:13:     layout_basic, david_vaults_2, lemuel_mausoleum_altar_yredelemnul
D:14:     layout_long_grid, kennysheep_doodads, minmay_misc_feat_pillars,
          uniq_frances
D:15:     grunt_enter_depths_magical_seal, layout_long_grid
Lair:1:   layout_gridlike, dpeg_stationary_puzzle, infiniplex_staircase_pool_2,
          grunt_megastairs_2, lemuel_fruit_fields, lemuel_fruit_tree
Lair:2:   layout_cave_pods, shoals_dummy_entry, gauntlet_entry_generic,
          guppyfry_lair_drakes
Lair:3:   layout_regular_city, dummy_spider_entry, gammafunk_ghost_necromancy
Lair:4:   layout_misc_corridors, uniq_rupert
Lair:5:   layout_cave_pods, chequers_serial_rivers_micro_a,
          chequers_serial_rivers_small_3, minmay_lair_oklob_chamber, uniq_kirke
Lair:6:   cheibrodos_lair_end_hotspot, layout_long_grid,
          minmay_slime_entry_pillars, uniq_nessos
Shoals:1: layout_shoals, serial_shops, bzr_firewalk
Shoals:2: layout_shoals, gammafunk_ghost_grave
Shoals:3: layout_shoals, uniq_bai_suzhen, uniq_polyphemus
Shoals:4: shoals_end_grunt_ice, layout_shoals, uniq_nikola
Spider:1: nicolae_spider_hall_of_the_moth_king, guppyfry_hornet_nest,
          hangedman_spider_tarantella_strand
Spider:2: layout_spider_delve
Spider:3: layout_spider_delve, uniq_louise
Spider:4: spider_rune_water
Orc:1:    layout_diamond_mine, serial_shops, nicolae_shop_trees, shop,
          shop_fountains, shop, uniq_fannar, uniq_sonja
Orc:2:    st_orc_ogre_mass, layout_caves, minmay_orc_keep, uniq_jorgrun,
          uniq_urug
Elf:1:    layout_loops_corners, minmay_elf_sorcery
Elf:2:    layout_geoelf_diagonals, serial_shops, shop
Elf:3:    minmay_elf_hall_dome, layout_geoelf_octagon, serial_shops,
          nicolae_shop_behind_doors, uniq_aizul
Vaults:1: gammafunk_vaults_ghost_grave, vaults_dpeg_doors,
          nicolae_vaults_quadrants, nicolae_vaults_little_squares_2,
          vaults_standard_mumra_lines, vaults_room_pool, hangedman_vaults_snaps,
          vaults_dpeg_diagonal, layout_vaults_chaotic_city
Vaults:2: v_misc_26, v_pattern_4, nicolae_vaults_network_periphery,
          vaults_room_door_hall, nicolae_vaults_inception_statues,
          nicolae_vaults_big_ls, hangedman_vaults_restitches,
          minmay_crypt_entry_simple_box, hangedman_vaults_hard_town_square,
          ontoclasm_vaults_loading_screen, vaults_dpeg_encased_lava,
          vaults_room_grid, nicolae_vaults_little_squares_5,
          layout_vaults_omnibox, serial_shops, shop
Vaults:3: nicolae_vaults_diagonal_hallway_8, nicolae_vaults_twisting_passages,
          vaults_room_door_hall, grunt_vaults_bifocal, nicolae_vaults_rhombus_6,
          hangedman_vaults_locks, nicolae_vaults_alarming, v_misc_5,
          nicolae_vaults_three_branches, vaults_room_semicircle,
          layout_vaults_omnicross, uniq_asterion
Vaults:4: v_rooms_3, v_alt_pattern_3, grunt_vaults_trifunnel,
          ontoclasm_vaults_ring_small, vaults_dpeg_ring,
          grunt_vaults_hallway_short, vaults_standard_mumra_x, v_pattern_3,
          v_misc_1, v_alt_pattern_6, hangedman_vaults_corner_blocks,
          vaults_dpeg_cross, grunt_vaults_hallway_long,
          ontoclasm_vaults_misaligned, layout_vaults_maze_snakey
Depths:1: layout_cave_shapes, hell_entry, abyss_entry_flame_altar,
          minmay_misc_feat_tower, pan_entry, hangedman_decor_slide_cut,
          minmay_three_doors, uniq_sojobo, uniq_mara
Depths:2: minmay_the_grid_triangle_9x9_recursive_2
          [minmay_the_grid_triangle_9x9_prize_top_heavy,
          minmay_the_grid_triangle_9x9_empty,
          minmay_the_grid_triangle_9x9_impossible_snake,
          minmay_the_grid_triangle_9x9_zippers_vertical], layout_honeycomb,
          serial_shops, nicolae_shop_trees, grunt_hell_horde,
          infiniplex_staircase_split_hallway
Depths:3: hangedman_pleasuredromes, pan_entry, hell_entry, abyss_entry

Skill      XL: |  1  2  3  4  5  6  7  8  9 10 11 12 13 14 15 16 17 18 19 20 21 22 23 24 25 26 |
---------------+-------------------------------------------------------------------------------+-----
Short Blades   | 5 6 7 8 9 10 14 | 14.0
Fighting       | 4 5 7 8 9 10 12 13 14 15 16 18 20 | 20.0
Armour         | 2 3 5 6 7 9 10 11 12 13 17 19 20 | 20.0
Dodging        | 3 5 7 8 10 11 12 14 15 16 17 18 20 | 20.0
Evocations     | 11 13 | 13.2
Shields        | 5 10 13 16 17 | 17.8

Action                   |  1- 3 |  4- 6 |  7- 9 | 10-12 | 13-15 | 16-18 | 19-21 | 22-24 | 25-27 || total
-------------------------+-------+-------+-------+-------+-------+-------+-------+-------+-------++-------
Melee: Short sword       |    65 |    80 |       |       |       |       |       |       |       ||   145
       Dagger            |       |     2 |   346 |   660 |  1480 |  1583 |  2162 |       |       ||  6233
       Rapier            |       |       |       |       |       |       |   558 |  2105 |   993 ||  3656
Throw: Stone             |       |    13 |    11 |     8 |    29 |     2 |    11 |       |       ||    74
       Boomerang         |       |       |       |       |       |       |    55 |     2 |     9 ||    66
Invok: Berserk           |     2 |     2 |     7 |    15 |    35 |    20 |    10 |     1 |       ||    92
       Trog's Hand       |       |       |     7 |     4 |     8 |     4 |    10 |    12 |     8 ||    53
       Brothers in Arms  |       |       |       |     1 |     4 |     2 |     3 |       |       ||    10
Evoke: Wand              |       |       |     1 |     6 |     1 |    20 |   132 |     2 |       ||   162
       Condenser vane    |       |       |       |     2 |     5 |     5 |    13 |     6 |     3 ||    34
       Lightning rod     |       |       |       |       |       |       |    20 |     8 |     4 ||    32
       Box of beasts     |       |       |       |       |       |       |       |     4 |       ||     4
       Phantom mirror    |       |       |       |       |       |       |       |       |     1 ||     1
  Use: Scroll            |       |       |     5 |    11 |    10 |     4 |    11 |     7 |     1 ||    49
       Potion            |       |       |       |     2 |       |     2 |     9 |     8 |       ||    21
 Stab: Sleeping          |     8 |     2 |     6 |       |       |       |       |       |       ||    16
       Paralysed         |       |       |       |       |     1 |     4 |    12 |       |       ||    17
       Distracted        |       |       |       |       |       |     1 |       |       |     1 ||     2
       Confused          |       |       |       |       |       |     1 |       |       |       ||     1
       Held in net/web   |       |       |       |       |       |       |     1 |       |       ||     1
       Petrified         |       |       |       |       |       |       |     3 |       |       ||     3
Armor: Animal skin       |     2 |       |       |       |       |       |       |       |       ||     2
       Ring mail         |     1 |    13 |    14 |       |       |       |       |       |       ||    28
       Scale mail        |       |       |    22 |       |       |       |       |       |       ||    22
       Plate armour      |       |       |     2 |   178 |   407 |    24 |       |       |       ||   611
       Chain mail        |       |       |       |       |       |   375 |   759 |   421 |   178 ||  1733
Dodge: Dodged            |    42 |    39 |   141 |   341 |   589 |   812 |  1611 |   821 |   440 ||  4836
Block: Buckler           |       |       |       |    22 |   402 |   461 |   918 |   333 |       ||  2136
       Kite shield       |       |       |       |       |       |       |       |   233 |   429 ||   662

Table legend: (Time is in decaauts)
 A = Elapsed time spent in this place.
 B = Non-inter-level travel time spent in this place.
 C = Inter-level travel time spent in this place.
 D = Time resting spent in this place.
 E = Time spent auto-exploring this place.
 F = Levels seen in this place.
 G = Mean time per level.
                   A        B        C        D        E       F      G
               +--------+--------+--------+--------+--------+-----+--------+
         Total |  64541 |  61288 |   3253 |  10989 |  39690 |  43 | 1501.0 |
       Dungeon |  18932 |  17601 |   1331 |   3365 |  11897 |  15 | 1262.1 |
          Lair |   9083 |   8417 |    666 |   1590 |   5793 |   6 | 1513.8 |
        Shoals |   8246 |   8073 |    173 |   1302 |   5136 |   4 | 2061.5 |
   Spider Nest |   6991 |   6689 |    302 |    961 |   4782 |   4 | 1747.8 |
  Orcish Mines |   3114 |   2883 |    231 |    774 |   1376 |   2 | 1557.0 |
   Elven Halls |   6613 |   6475 |    138 |   1678 |   3326 |   3 | 2204.3 |
        Vaults |   6578 |   6310 |    268 |    583 |   4407 |   4 | 1644.5 |
        Depths |   4080 |   3939 |    141 |    488 |   2538 |   3 | 1360.0 |
        Bazaar |     31 |     31 |      0 |      0 |     28 |   1 |   31.0 |
      Gauntlet |    868 |    868 |      0 |    244 |    405 |   1 |  868.0 |
               +--------+--------+--------+--------+--------+-----+--------+

Top non-repeatable levels by time:
Spider:2: 2653 daAuts
Shoals:4: 2389 daAuts
Shoals:3: 2338 daAuts
   Elf:2: 2322 daAuts
  Lair:6: 2216 daAuts
   Elf:3: 2212 daAuts
   Orc:2: 2202 daAuts
   Elf:1: 2077 daAuts
Spider:4: 1942 daAuts
Depths:2: 1879 daAuts
Shoals:1: 1872 daAuts
Vaults:3: 1847 daAuts
    D:10: 1801 daAuts
     D:7: 1799 daAuts
Vaults:2: 1730 daAuts
